Map: King's Cove LE

Players

Ghost

  • Race: Terran Terran
  • Spawn Location: 11:00

Throwfordays - Winner!

  • Race: Terran Terran
  • League: Silver
  • Spawn Location: 5:00

VOD

Have the link to the VOD?

Description

Time

  • Played on: March 21, 2019, 5:07 p.m.
  • Length: 11:13
Show
View Real Time Build Order
Export as new Build Order

Ghost Terran 

Build Orders:  

Get SALT Encoding   

  12  0:03  SCV  
  13  0:15  Supply Depot  
  13  0:41  Barracks  
  13  0:46  Supply Depot  
  13  0:47  SCV  
  14  0:59  SCV  
  15  1:12  SCV  
  15  1:13  Supply Depot  
  16  1:24  Refinery, SCV  
  17  1:32  Marine  
  18  1:36  SCV  
  19  1:42  Supply Depot  
  19  1:48  SCV  
  20  1:55  Marine  
  20  2:00  SCV  
  22  2:12  Marine, Barracks  
  23  2:17  SCV  
  25  2:30  SCV  
  25  2:31  Barracks Reactor  
  25  3:02  Barracks Reactor  
  25  3:08  Refinery  
  25  3:09  Marine x2  
  27  3:18  SCV  
  28  3:27  Marine x2  
  28  3:29  Engineering Bay  
  28  3:30  SCV  
  31  3:44  Marine x2  
  31  3:45  Marine x2  
  35  3:52  Factory  
  35  4:01  Marine  
  35  4:02  Marine x3  
  39  4:21  Marine x2  
  41  4:44  Marine x3  
  41  4:45  Marine  
  45  4:57  Supply Depot  
  45  5:02  Marine x2  
  47  5:18  Marine x2  
  47  5:20  Marine x2  
  47  5:21  Supply Depot  
  51  5:23  Starport  
  48  5:36  Marine x2  
  48  5:38  Marine x2  
  42  5:43  Supply Depot  
  40  5:51  Factory Tech Lab  
  40  5:54  Marine x2  
  40  5:56  Terran Infantry Weapons Level 1  
  42  6:02  Starport Tech Lab  
  42  6:05  Marine  
  42  6:06  Marine  
  44  6:12  Marine x2  
  46  6:23  Marine x2  
  46  6:25  Fusion Core  
  48  6:29  Marine  
  48  6:30  Marine  
  48  6:32  Starport  
  50  6:35  Medivac  
  52  6:41  Marine x2  
  54  6:47  Marine x2  
  56  6:59  Marine x2  
  58  7:05  Medivac  
  58  7:06  Command Center  
  60  7:25  Orbital Command  
  60  7:35  Starport Tech Lab  
  60  7:41  Battlecruiser  
  66  7:51  Terran Infantry Armor Level 1  
  66  8:19  SCV  
  67  8:26  Marine x4  
  71  8:31  SCV  
  72  8:43  Marine, SCV  
  72  8:44  Marine x3  
  77  8:55  SCV  
  78  9:07  SCV  
  46  9:50  Marine x2  
  46  9:51  Marine  
  49  9:53  Battlecruiser  
  49  9:59  Battlecruiser  
  61  10:01  Marine  
  62  10:08  Marine x3  
  65  10:19  Marine  
  27  10:54  Marine x4  
Show
View Real Time Build Order
Export as new Build Order

Throwfordays Terran - Winner!

Build Orders:  

Get SALT Encoding   

  12  0:01  SCV  
  13  0:13  SCV  
  14  0:24  Supply Depot  
  14  0:25  SCV  
  15  0:41  Refinery  
  15  0:45  SCV  
  16  0:51  Barracks  
  16  0:57  SCV  
  17  1:10  SCV  
  18  1:22  SCV  
  19  1:32  Command Center  
  19  1:35  SCV  
  20  1:41  Barracks Tech Lab  
  20  1:49  Supply Depot  
  20  1:50  SCV  
  21  2:03  Marine  
  22  2:21  Marine  
  23  2:23  Barracks  
  23  2:25  Refinery  
  23  2:26  SCV  
  24  2:39  Marine  
  24  2:41  SCV  
  27  2:44  SCV  
  27  2:47  Supply Depot  
  27  2:53  SCV  
  27  2:56  SCV  
  27  2:57  Marine  
  30  3:06  SCV  
  30  3:08  SCV  
  32  3:13  Barracks Reactor  
  32  3:15  Marine  
  32  3:18  SCV  
  34  3:20  SCV  
  34  3:22  Factory  
  35  3:30  Supply Depot, SCV  
  35  3:32  Marine, SCV  
  38  3:42  SCV  
  38  3:44  SCV  
  40  3:54  SCV  
  40  3:55  Supply Depot  
  41  3:56  SCV  
  41  3:57  Marine  
  43  4:06  SCV, Factory Tech Lab  
  43  4:08  SCV  
  43  4:09  Starport  
  45  4:18  SCV  
  45  4:20  Refinery, Marine  
  45  4:21  SCV  
  45  4:22  Stimpack  
  48  4:24  Marine  
  48  4:25  Marine  
  48  4:30  SCV  
  51  4:33  SCV  
  51  4:38  Marine  
  53  4:41  Supply Depot  
  53  4:42  Marine  
  53  4:43  Marine  
  55  4:52  Starport Reactor  
  55  4:55  Marine, Starport  
  56  5:00  Marine x2  
  56  5:03  Engineering Bay  
  56  5:04  SCV, Engineering Bay  
  59  5:09  SCV  
  59  5:13  Marine  
  61  5:18  Marine x2  
  63  5:21  SCV  
  64  5:30  Hellion  
  64  5:31  Marine  
  64  5:36  Marine x2  
  57  5:49  Marine  
  58  5:51  Infernal Pre-Igniter  
  58  5:52  Hellion  
  58  5:53  Marine  
  58  5:54  Marine  
  58  5:55  Terran Infantry Armor Level 1, Terran Infantry Weapons Level 1  
  62  5:59  Armory  
  62  6:03  Barracks, Starport Reactor  
  62  6:06  Medivac  
  62  6:07  Marine  
  65  6:11  Marine  
  65  6:12  Marine, Refinery  
  68  6:18  SCV  
  68  6:23  Supply Depot  
  68  6:25  Marine  
  69  6:29  Marine  
  70  6:34  Orbital Command  
  70  6:37  Orbital Command, Command Center  
  70  6:44  Marine x2  
  72  6:48  Combat Shield  
  72  6:53  Supply Depot  
  72  6:55  Medivac x3  
  72  7:00  Barracks Reactor  
  78  7:14  SCV, Medivac  
  81  7:22  Supply Depot  
  81  7:26  SCV  
  81  7:27  Terran Vehicle Weapons Level 1  
  82  7:50  Marine x5  
  87  7:57  Terran Infantry Weapons Level 2  
  87  7:58  Terran Infantry Armor Level 2  
  87  8:08  Marine x5  
  87  8:09  Hellion  
  94  8:13  Smart Servos  
  94  8:16  Medivac x2  
  98  8:24  SCV  
  98  8:25  Marine  
  98  8:26  Marine x4  
  104  8:29  Supply Depot  
  104  8:30  Hellion  
  104  8:33  Supply Depot  
  106  8:36  SCV  
  107  8:43  Marine x2  
  109  8:48  Supply Depot  
  109  8:50  Marine x3, SCV  
  109  8:51  Hellion  
  109  8:52  Supply Depot  
  115  8:58  Supply Depot  
  115  8:59  Supply Depot  
  115  9:01  Marine x2  
  118  9:02  SCV  
  118  9:03  SCV  
  118  9:08  Marine x3  
  122  9:14  SCV  
  122  9:15  SCV  
  124  9:26  Marine  
  124  9:27  SCV  
  124  9:28  SCV  
  127  9:39  SCV  
  127  9:40  SCV  
  127  9:52  SCV  
  128  10:06  Marine x5  
  133  10:10  Refinery x2  
  133  10:13  Planetary Fortress  
  133  10:16  Supply Depot  
  133  10:23  Marine  
  133  10:24  Marine x4  
Tags
 
League
Silver
Matchup
TvT
Race
Terran
Replay Pack
Multiplayer
Spawn Locations
Cross Positions
Add a new tag
Caveats
  • Supply blocks, unpowered buildings, or Contaminate may cause inaccurate times.
  • Supply counts are checked every 10 seconds.